 Dungeon Crawl Stone Soup version 0.31-a0-1074-g0b22e4e0f1 (webtiles) character file.

Game seed: 5089853384272480204

105 lunkers the Ruffian (level 5, -1/40 HPs)
             Began as a Meteoran Shapeshifter on Nov 30, 2023.
             Slain by a gnoll
             ... wielding a +0 halberd
              (16 damage)
             ... on level 4 of the Dungeon.
             The game lasted 00:03:45 (845 turns).

lunkers the Ruffian (Meteoran Shapeshifter)          Turns: 845, Time: 00:03:45

Health: -1/40      AC:  2    Str: 18    XL:     5   Next: 31%
Magic:  6/6        EV: 12    Int: 11    God:
Gold:   72         SH:  0    Dex: 13    Spells: 4/4 levels left

rFire   . .          .
                       - Unarmed
rCold   . . .        (no shield)
rNeg    . . .        a - +0 animal skin
rPois   .            (helmet currently unavailable)
rElec   .            (cloak currently unavailable)
rCorr   .            (gloves currently unavailable)
SInv    .            (boots currently unavailable)
Will    .....        (no amulet)
Stlth   +            (no ring)
HPRegen 0.26/turn    (no ring)
MPRegen 0.10/turn

%: no passive effects
@: beast-form, glowing
A: beast (slay +2), sense surroundings 1, otherworldly, glowing, explore regen
a: Begin Untransformation


You were on level 4 of the Dungeon.
You were a hulking beast.
You visited 1 branch of the dungeon, and saw 4 of its levels.

You collected 72 gold pieces.

Inventory:

Armour
 a - a +0 animal skin (worn)
Talismans
 c - a beast talisman
 d - a flux talisman
Wands
 b - a wand of flame (20)
Scrolls
 e - a scroll of teleportation {unknown}
 g - 2 scrolls of blinking {unknown}
 h - a scroll of noise {unknown}
 i - a scroll of poison {unknown}
 j - a scroll of fog {unknown}
 m - a scroll of identify {unknown}
 n - a scroll of brand weapon {unknown}
Potions
 f - a potion of berserk rage {unknown}
 k - a potion of mutation {unknown}
 l - a potion of ambrosia {unknown}


   Skills:
 - Level 1.1 Fighting
 - Level 2.1 Dodging
 * Level 5.7 Unarmed Combat
 + Level 4.6 Shapeshifting


You had 4 spell levels left.
You didn't know any spells.
Your spell library was empty.

Dungeon Overview and Level Annotations

Branches:
Dungeon (4/15) Zot: 1564
 Temple: D:4-7

Altars:

Shops:
D:2 [


Innate Abilities, Weirdness & Mutations

You are a hulking beast.
Your limbs bulge with bestial killing power. (Slay +2)
You passively map a small area around you.
You are easily found by Zot.
You glow in the dark.
You regain HP and MP as you explore.


Message History

No target in view!
No target in view!
You now have 72 gold pieces (gained 18).
Found a stone staircase leading up.
A gnoll comes into view. It is wielding a +0 spear.
A gnoll is nearby!
A gnoll comes into view. It is wielding a +0 halberd.
The gnoll throws a throwing net.
The throwing net barely misses you.
A gnoll comes into view. It is wielding a +0 flail.
The gnoll shouts!
The gnoll closely misses you.
You barely miss the gnoll. The gnoll closely misses you.
The gnoll barely misses you.
You closely miss the gnoll. The gnoll closely misses you.
The gnoll hits you from afar with a +0 halberd.
You hit the gnoll.
The gnoll is moderately wounded.
The gnoll barely misses you. The gnoll hits you with a +0 spear.
You barely miss the gnoll.
The gnoll is moderately wounded.
The gnoll barely misses you. The gnoll completely misses you.
You hit the gnoll.
The gnoll is heavily wounded.
The gnoll hits you with a +0 spear. The gnoll misses you.
You hit the gnoll.
The gnoll is severely wounded.
The gnoll hits you from afar with a +0 halberd.
The gnoll misses you.
You punch the gnoll!
You kill the gnoll!
The gnoll hits you from afar with a +0 halberd!
* * * LOW HITPOINT WARNING * * *
The gnoll completely misses you.
Things that are here:
a +0 spear; a gnoll corpse Unknown command.
You punch the gnoll!
The gnoll is heavily wounded.
The gnoll hits you with a +0 halberd!
You die...

, . ,.( ... #. #.
#.#####
###.##(####.....#
, ,
,...../....#.....#
* *
.##.#...#.......#
,
.*#......##.....#
*
,<...#...)...<...#
*
###......########
* #.##.#h# ,, , ,
#. #.#g# , * , ,
#, #..g.* ,> * *
*###... ,* * * ,,
*#.##. * ,..# .# *
* ### . , ,* * #


You could see 2 gnolls.

Vanquished Creatures
  Terence (D:2)
  A gnoll (D:4)
  2 adders (D:2)
  2 worms
  6 orcs
  2 bats
  4 endoplasms
  3 hobgoblins
  4 kobolds
  3 quokkas
  5 ball pythons
  A frilled lizard (D:3)
  4 goblins
  A rat (D:1)
39 creatures vanquished.

Notes
Turn   | Place    | Note
-------+----------+-------------------------------------------
     0 | D:1      | lunkers the Meteoran Shapeshifter began the quest for the
                  | Orb.
     0 | D:1      | Reached XP level 1. HP: 16/16 MP: 2/2
   117 | D:1      | Reached skill level 4 in Unarmed Combat
   117 | D:1      | Reached XP level 2. HP: 18/23 MP: 3/3
   279 | D:2      | Noticed Terence
   291 | D:2      | Killed Terence
   292 | D:2      | Reached XP level 3. HP: 28/28 MP: 4/4
   303 | D:2      | Reached skill level 5 in Unarmed Combat
   303 | D:2      | Reached XP level 4. HP: 35/35 MP: 5/5
   370 | D:2      | Found Nodu's Armour Emporium.
   491 | D:2      | You fall into a shaft and drop 1 floor!
   597 | D:3      | Identified the +1 robe of Wrong Decisions {Harm rElec rF+}
   754 | D:3      | Reached XP level 5. HP: 36/40 MP: 6/6
   845 | D:4      | Slain by a gnoll

Illustrated notes

Levels and vault maps discovered:
D:1:      dpeg_arrival_snail, layout_loops_corners, basic_ecumenical_altar
D:2:      layout_basic, serial_shops, shop, uniq_terence
D:3:      layout_basic
D:4:      layout_loops_cross, lemuel_doored_altar, serial_shops, shop,
          minmay_cut_off

Skill      XL: |  1  2  3 |
---------------+----------+-----
Unarmed Combat | 4 5 |  5.7
Shapeshifting  | 4 |  4.6
Fighting       | |  1.1
Dodging        | |  2.1

Action                     |  1- 3 |  4- 6 || total
---------------------------+-------+-------++-------
  Melee: Unarmed           |    34 |    72 ||   106
         Punch             |       |     1 ||     1
    Use: Potion            |     1 |       ||     1
 Armour: Animal skin       |    15 |    28 ||    43
         Skin              |    11 |     2 ||    13
  Dodge: Dodged            |    13 |    46 ||    59

Table legend: (Time is in decaauts)
 A = Elapsed time spent in this place.
 B = Non-inter-level travel time spent in this place.
 C = Inter-level travel time spent in this place.
 D = Time resting spent in this place.
 E = Time spent auto-exploring this place.
 F = Levels seen in this place.
 G = Mean time per level.
                   A        B        C        D        E       F      G
               +--------+--------+--------+--------+--------+-----+--------+
         Total |    834 |    818 |     16 |      0 |    580 |   4 |  208.5 |
       Dungeon |    834 |    818 |     16 |      0 |    580 |   4 |  208.5 |
               +--------+--------+--------+--------+--------+-----+--------+

Top non-repeatable levels by time:
     D:2: 356 daAuts
     D:3: 326 daAuts
     D:1: 129 daAuts
     D:4: 22 daAuts
